 Seeded DCSS version 0.32-a0-643-ga006e7742e (webtiles) character file.

Game seed: 17428681369516740799 (custom seed)

26 Juicyj the Vexing (level 2, -4/19 HPs)
             Began as a Vampire Enchanter on Mar 7, 2024.
             Slain by a hound (5 damage)
             ... on level 1 of the Dungeon.
             The game lasted 00:01:22 (859 turns).

Juicyj the Vexing (Vampire Enchanter)                Turns: 859, Time: 00:01:22

Health: -4/19      AC:  2    Str:  7    XL:     2   Next: 89%
Magic:  5/5        EV: 12    Int: 17    God:
Gold:   82         SH:  0    Dex: 14    Spells: 3/5 levels left

rFire   . . .        a - +1 dagger
rCold   . . .        (no shield)
rNeg    . . .        b - +0 robe
rPois   .            (no helmet)
rElec   .            (no cloak)
rCorr   .            (no gloves)
SInv    +            (no boots)
Will    .....        (no amulet)
Stlth   +++          (no ring)
HPRegen 0.43/turn    (no ring)
MPRegen 0.09/turn

%: no passive effects
@: healing quickly
A: alive, fangs 3, see invisible, vampiric 1
a: Exsanguinate


You were on level 1 of the Dungeon.
You visited 1 branch of the dungeon, and saw 2 of its levels.

You collected 82 gold pieces.

Inventory:

Hand Weapons
 a - a +1 dagger (weapon)
Armour
 b - a +0 robe (worn)
Scrolls
 e - a scroll of poison {unknown}
 g - a scroll of noise {unknown}
 h - 5 scrolls of identify {unknown}
 k - a scroll of enchant weapon {unknown}
 l - a scroll of amnesia {unknown}
Potions
 c - 2 potions of invisibility
 d - a potion of curing {unknown}
 f - a potion of haste {unknown}
 i - a potion of lignification {unknown}
 j - 2 potions of magic {unknown}


   Skills:
 + Level 1.5 Short Blades
 + Level 2.5 Dodging
 + Level 4.8 Stealth
 + Level 2.2 Spellcasting
 + Level 4.8 Hexes
 + Level 0.5 Ice Magic


You had 3 spell levels left.
You knew the following spells:

 Your Spells              Type           Power      Damage    Failure   Level
a - Ensorcelled Hibernat  Hex/Ice        20%        N/A       10%         2

Your spell library contained the following spells:

 Spells                   Type           Power      Damage    Failure   Level
 Confusing Touch          Hex            18%        N/A       8%          3
 Tukima's Dance           Hex            18%        N/A       8%          3
 Dazzling Flash           Conj/Hex       20%        N/A       22%         3


Dungeon Overview and Level Annotations

Branches:
Dungeon (2/15)

Altars:
Sif Muna

Shops:
D:1 [


Innate Abilities, Weirdness & Mutations

Your natural rate of healing is accelerated.
You have razor-sharp teeth.
You have supernaturally acute eyesight. (SInv)
You are afflicted with vampirism.


Message History

The hound closely misses you.
A gnoll comes into view. It is wielding a +0 spear.
The hound bites you but does no damage. The hound bites you.
The hound attacks as it pursues you! The hound bites you.
Casting: Ensorcelled Hibernation (safe; 10% risk of failure)
Confirm with . or Enter, or press ? or * to list all spells.
Aiming: Ensorcelled Hibernation (safe; 10% risk of failure)
Press: ? - help, Shift-Dir - straight line, f/p - hound
Aim: a hound (heavily wounded, not susceptible)
Okay, then.
The hound closely misses you. The hound attacks as it pursues you!
The hound barely misses you.
You see here a ribbon worm corpse.
The hound closely misses you. The hound attacks as it pursues you!
The hound bites you. x2
The hound attacks as it pursues you! The hound bites you.
The hound attacks as it pursues you! The hound misses you. x2
The hound barely misses you. The hound attacks as it pursues you!
The hound bites you. The hound attacks as it pursues you! The hound bites you.
* * * LOW HITPOINT WARNING * * *
The hound misses you. The hound attacks as it pursues you!
The hound misses you. The hound closely misses you.
There is a stone staircase leading up here.
The hound bites you but does no damage.
You climb upwards.
There is a stone staircase leading down here.
You hit the hound.
The hound is heavily wounded.
The hound bites you.
* * * LOW HITPOINT WARNING * * *
The hound barely misses you.
You hit the hound.
The hound is heavily wounded.
The hound bites you.
* * * LOW HITPOINT WARNING * * *
The hound bites you.
You die...

#......#######.##.##
#..........##..#..#
#####.####....#...# #.##
###....#.#
#..#####..#>#.##
##.##...>##.....
#.#(..######.##
########....## #.##
##...h@.....########.##
#.........[............
###.....#.##########.#.
#..#####.#### #.#.
####.#####.....# #...
#..............#######..#
##########...†...........
#.............##
#.....#######.#


You could see a hound.

Vanquished Creatures
  A ribbon worm (D:2)
  3 bats
  3 endoplasms (D:1)
  A giant cockroach (D:1)
  4 goblins
  2 hobgoblins
  A quokka (D:2)
  2 ball pythons (D:1)
  2 kobolds (D:1)
  3 rats
22 creatures vanquished.

Notes
Turn   | Place    | Note
-------+----------+-------------------------------------------
     0 | D:1      | Juicyj the Vampire Enchanter began the quest for the Orb.
     0 | D:1      | Reached XP level 1. HP: 13/13 MP: 3/3
    91 | D:1      | Found Paam's Armour Shoppe.
   355 | D:1      | Reached XP level 2. HP: 17/19 MP: 5/5
   596 | D:1      | Learned a level 2 spell: Ensorcelled Hibernation
   750 | D:2      | Found a shimmering blue altar of Sif Muna.
   859 | D:1      | Slain by a hound

Illustrated notes

Levels and vault maps discovered:
D:1:      matt_arrival_spirals, layout_rooms, serial_shops, shop_fountains
D:2:      layout_loops_ring, chequers_ecumenical_altar_lobes, basic_altar

Action                     || total
---------------------------++-------
  Melee: Dagger            ||    72
         Bite              ||     4
   Cast: Ensorcelled Hiber ||     1
   Stab: Sleeping          ||     6
 Armour: Robe              ||    47
  Dodge: Dodged            ||    52

Table legend: (Time is in decaauts)
 A = Elapsed time spent in this place.
 B = Non-inter-level travel time spent in this place.
 C = Inter-level travel time spent in this place.
 D = Time resting spent in this place.
 E = Time spent auto-exploring this place.
 F = Levels seen in this place.
 G = Mean time per level.
                   A        B        C        D        E       F      G
               +--------+--------+--------+--------+--------+-----+--------+
         Total |    854 |    833 |     21 |      0 |    639 |   2 |  427.0 |
       Dungeon |    854 |    833 |     21 |      0 |    639 |   2 |  427.0 |
               +--------+--------+--------+--------+--------+-----+--------+

Top non-repeatable levels by time:
     D:1: 632 daAuts
     D:2: 222 daAuts
